 Dungeon Crawl Stone Soup version 0.31-a0-246-g8cbcc1cb85 (webtiles) character file.

Game seed: 237043771586321063

60 qw the Shooter (level 3, -1/29 HPs)
             Began as a Minotaur Hexslinger on July 12, 2023.
             Slain by a gnoll
             ... wielding a +0 spear
              (7 damage)
             ... on level 3 of the Dungeon.
             The game lasted 00:00:37 (1498 turns).

qw the Shooter (Minotaur Hexslinger)                Turns: 1498, Time: 00:00:37

Health: -1/29      AC:  7    Str: 12    XL:     3   Next: 80%
Magic:  3/3        EV: 17    Int: 10    God:
Gold:   98         SH:  0    Dex: 14    Spells: 3/4 levels left

rFire   . . .        Y - +1 sling
rCold   . . .        (no shield)
rNeg    . . .        c - +0 robe
rPois   .            (helmet restricted)
rElec   .            d - +0 cloak
rCorr   .            (no gloves)
SInv    .            (no boots)
Will    .....        (no amulet)
Stlth   +            i - +5 ring of evasion
HPRegen 0.24/turn    e - +4 ring of protection
MPRegen 0.08/turn

%: no passive effects
@: about to teleport
A: horns 2, retaliatory headbutt
a: no special abilities


You were on level 3 of the Dungeon.
You visited 1 branch of the dungeon, and saw 3 of its levels.

You collected 98 gold pieces.


Innate Abilities, Weirdness & Mutations

You have a pair of horns on your head.
You reflexively headbutt those who attack you in melee.


   Skills:
 - Level 2.0 Fighting
 + Level 4.3 Ranged Weapons
 - Level 2.1 Dodging
 - Level 1.0 Spellcasting
 - Level 2.0 Hexes


You had 3 spell levels left.
You knew the following spells:

 Your Spells              Type           Power      Damage    Failure   Level
a - Slow                  Hex            16%        N/A       16%         1

Your spell library contained the following spells:

 Spells                   Type           Power      Damage    Failure   Level
 Inner Flame              Hex/Fire       2%         N/A       56%         3
 Portal Projectile        Hex/Tloc       4%         N/A       56%         3
 Cause Fear               Hex            2%         N/A       83%         4

Inventory:

Hand Weapons
 Y - a +1 sling (weapon)
Armour
 c - a +0 robe (worn)
 d - a +0 cloak (worn)
 f - a +0 leather armour
 p - a +0 ring mail
Jewellery
 e - a +4 ring of protection (right hand)
 i - a +5 ring of evasion (left hand)
Scrolls
 a - a scroll of identify
 b - a scroll of teleportation
Potions
 g - a potion of magic {unknown}
 h - a potion of ambrosia {unknown}
 j - a potion of enlightenment {unknown}
 k - a potion of curing {unknown}
 l - a potion of berserk rage {unknown}
 m - a potion of resistance {unknown}
 n - a potion of brilliance {unknown}
 o - a potion of degeneration {unknown}

Dungeon Overview and Level Annotations

Branches:
Dungeon (3/15)

Altars:


Message History

You kill the gnoll!
The quokka misses you. The gnoll barely misses you. The gnoll misses you.
You shoot a sling bullet.
The sling bullet hits the quokka but does no damage.
The quokka completely misses you. You furiously retaliate!
You headbutt the quokka, but do no damage.
The gnoll barely misses you. x2; The quokka barely misses you.
The gnoll misses you. The gnoll barely misses you.
You shoot a sling bullet.
The sling bullet barely misses the quokka.
The quokka barely misses you. You furiously retaliate!
You headbutt the quokka!
You kill the quokka!
The gnoll hits you from afar with a +0 spear.
The gnoll hits you from afar with a +0 spear!
You shoot a sling bullet.
The sling bullet barely misses the gnoll.
The gnoll hits you from afar with a +0 spear.
The gnoll closely misses you.
You shoot a sling bullet. The sling bullet hits the gnoll.
The gnoll is heavily wounded.
The gnoll misses you.
The gnoll hits you from afar with a +0 spear.
You shoot a sling bullet. The sling bullet hits the gnoll.
The gnoll is heavily wounded.
The gnoll barely misses you. The gnoll completely misses you.
You shoot a sling bullet.
The sling bullet barely misses the gnoll.
The gnoll hits you from afar with a +0 spear.
The gnoll misses you.
You shoot a sling bullet. The sling bullet hits the gnoll.
The gnoll is almost dead.
The gnoll closely misses you.
The gnoll hits you from afar with a +0 spear.
The gnoll barely misses you. The gnoll closely misses you.
1498 ||| READING 2 scrolls of teleportation.
As you read the scroll of teleportation, it crumbles to dust.
You feel strangely unstable. The gnoll barely misses you.
The gnoll hits you from afar with a +0 spear!
You die...

#.#.# .# #.####.#.# .#
#.#....#.##.## ..
.#............### #.
.................
##.####................#
................).......
...#...........@.g.....
###...............g.....
..#.....................
#)...)..................
#.).....................
#.......................
#...).............(.....
........................
##.....................


You could see 2 gnolls.

Vanquished Creatures
  A gnoll (D:3)
  4 worms
  2 dart slugs (D:1)
  2 orcs (D:3)
  5 endoplasms
  4 goblins
  3 hobgoblins
  2 kobolds
  A quokka (D:3)
  A ball python (D:1)
  3 bats
  2 frilled lizards
  2 rats (D:1)
32 creatures vanquished.

Notes
Turn   | Place    | Note
-------+----------+-------------------------------------------
     0 | D:1      | qw the Minotaur Hexslinger began the quest for the Orb.
     0 | D:1      | Reached XP level 1. HP: 16/16 MP: 1/1
     0 | D:1      | 0 ||| qw: Version: 0.3-a-52-g30416fa
     0 | D:1      | 0 ||| qw: Game counter: 6439
     0 | D:1      | 0 ||| qw: Melee chars always use a shield: true
     0 | D:1      | 0 ||| qw: God list: Okawaru
     0 | D:1      | 0 ||| qw: Allow faded altars: false
     0 | D:1      | 0 ||| qw: Do Orc after clearing Dungeon:15 true
     0 | D:1      | 0 ||| qw: Do second Lair branch before Depths: true
     0 | D:1      | 0 ||| qw: Lair rune preference: random
     0 | D:1      | 0 ||| qw: Goals: Normal
     0 | D:1      | 0 ||| PLANNING D:1-11
   290 | D:1      | 290 ||| FLEEEEING.
   291 | D:1      | 291 ||| FLEEEEING.
   292 | D:1      | 292 ||| FLEEEEING.
   293 | D:1      | 293 ||| FLEEEEING.
   294 | D:1      | 294 ||| FLEEEEING.
   311 | D:1      | 311 ||| FLEEEEING.
   312 | D:1      | 312 ||| FLEEEEING.
   313 | D:1      | 313 ||| FLEEEEING.
   314 | D:1      | 314 ||| FLEEEEING.
   332 | D:1      | 332 ||| FLEEEEING.
   333 | D:1      | 333 ||| FLEEEEING.
   334 | D:1      | 334 ||| FLEEEEING.
   335 | D:1      | 335 ||| FLEEEEING.
   336 | D:1      | 336 ||| FLEEEEING.
   337 | D:1      | 337 ||| FLEEEEING.
   350 | D:1      | Reached skill level 3 in Ranged Weapons
   350 | D:1      | Reached XP level 2. HP: 23/23 MP: 2/2
   735 | D:1      | 735 ||| UPGRADING to +0 cloak.
   740 | D:1      | 740 ||| DROPPING ring of magical power.
   741 | D:1      | 741 ||| UPGRADING to +5 ring of evasion.
   742 | D:1      | 742 ||| READING scroll labelled WILUHUACIA.
   747 | D:1      | 747 ||| DROPPING scroll of poison.
  1147 | D:2      | Reached XP level 3. HP: 29/29 MP: 3/3
  1316 | D:2      | Found a faded altar of an unknown god.
  1373 | D:2      | 1373 ||| UPGRADING to +4 ring of protection.
  1374 | D:2      | 1374 ||| DROPPING ring of positive energy.
  1375 | D:2      | 1375 ||| READING 2 scrolls labelled MEIMOS ZISHRUWEL.
  1396 | D:3      | Reached skill level 4 in Ranged Weapons
  1497 | D:3      | HP: 6/29 [gnoll/+0 spear (2)]
  1498 | D:3      | 1498 ||| READING 2 scrolls of teleportation.
  1498 | D:3      | Slain by a gnoll

Levels and vault maps discovered:
D:1:      sevenhm_arrival_forest_fort_large_2, layout_basic
D:2:      layout_loops_ring, hellmonk_ecumenical_altar_heavens_door
D:3:      layout_basic, nicolae_overflow_squiral

Skill      XL: |  1  2  3 |
---------------+----------+-----
Ranged Weapons | 3 4 |  4.3
Fighting       | 2 |  2.0
Dodging        | |  2.1
Spellcasting   | |  1.0
Hexes          | |  2.0

Action                     || total
---------------------------++-------
   Fire: Sling             ||   114
    Use: Scroll            ||     3
 Armour: Robe              ||     7
  Dodge: Dodged            ||    34

Table legend:
 A = Non-vault XP
 B = Vault XP
 C = Vault XP percentage of total XP
 D = Non-vault monster count
 E = Vault monster count
 F = Vault count percentage of total count
                 A         B        C        D         E       F
            +---------+---------+-------+---------+---------+-------
      Total |      86 |       0 |   0.0 |      32 |       0 |   0.0
            +---------+---------+-------+---------+---------+-------
        D:1 |      25 |       0 |   0.0 |      13 |       0 |   0.0
        D:2 |      28 |       0 |   0.0 |      11 |       0 |   0.0
        D:3 |      33 |       0 |   0.0 |       8 |       0 |   0.0
            +---------+---------+-------+---------+---------+-------
